 Dungeon Crawl Stone Soup version 0.30.0-29-ga12c61a403 (webtiles) character file.

Game seed: 2058554244382756244

12735 TrayleKats the Grappler (level 11, 0/109 HPs)
             Began as a Troll Fighter on June 15, 2023.
             Was a High Priest of Okawaru.
             Slain by an orc warrior
             ... wielding a +0 halberd
              (7 damage)
             ... on level 10 of the Dungeon.
             The game lasted 00:13:03 (10389 turns).

TrayleKats the Grappler (Troll Fighter)            Turns: 10389, Time: 00:13:04

Health: 0/109      AC:  6    Str: 26    XL:     11   Next: 66%
Magic:  15/15      EV:  5    Int:  8    God:    Okawaru [*****.]
Gold:   733        SH:  9    Dex:  9    Spells: 10/10 levels left

rFire   + .          .
                       - Unarmed
rCold   . . .        b - +0 kite shield
rNeg    . . .        A - +0 troll leather armour
rPois   .            (helmet restricted)
rElec   .            (no cloak)
rCorr   .            (gloves unavailable)
SInv    .            (boots unavailable)
Will    .....        u - amulet of regeneration
Stlth   +            i - ring of protection from fire
HPRegen 2.78/turn    (no ring)
MPRegen 0.14/turn

%: no passive effects
@: lethally poisoned (0 -> 0), constricted
A: large, unfitting armour, claws 3, regeneration 1, shaggy fur 1, tough skin 1
a: Renounce Religion, Heroism, Finesse, Duel


You were on level 10 of the Dungeon.
You worshipped Okawaru.
Okawaru was extremely pleased with you.
You visited 1 branch of the dungeon, and saw 10 of its levels.
You also visited: Sewer.

You collected 733 gold pieces.

Inventory:

Missiles
 e - 7 boomerangs (quivered)
 k - a poisoned dart
 s - 7 javelins
 H - 2 atropa-tipped darts
Armour
 b - a +0 kite shield (worn)
 A - a +0 troll leather armour (worn)
Jewellery
 i - a ring of protection from fire (left claw)
 u - an amulet of regeneration (around neck)
 B - a ring of willpower
Wands
 g - a wand of roots (5)
 C - a wand of light (7)
 D - a wand of flame (22)
Scrolls
 f - 4 scrolls of noise
 j - 2 scrolls of amnesia
 l - 5 scrolls of teleportation
 m - 2 scrolls of vulnerability {unknown}
 n - 3 scrolls of fog
 p - 2 scrolls of immolation
 t - 2 scrolls of blinking
 y - a scroll of silence {unknown}
 z - 2 scrolls of enchant weapon
 G - a scroll of poison {unknown}
Potions
 a - 5 potions of flight
 c - 8 potions of might
 d - 5 potions of curing
 h - 2 potions of lignification
 o - 4 potions of brilliance
 q - 4 potions of magic
 r - 3 potions of heal wounds
 v - a potion of haste
 w - 4 potions of mutation
 x - a potion of resistance
 E - a potion of attraction
 F - a potion of ambrosia {unknown}


   Skills:
 + Level 7.0 Fighting
 + Level 6.7 Throwing
 - Level 2.4 Dodging
 + Level 7.7 Shields
 * Level 11.3 Unarmed Combat
 + Level 6.7 Invocations


You had 10 spell levels left.
You didn't know any spells.
Your spell library contained the following spells:

 Spells                   Type           Power      Damage    Failure   Level
 Apportation              Tloc           0%         N/A       65%         1
 Magic Dart               Conj           0%         1d3       65%         1
 Cigotuvi's Dreadful Rot  Necr/Pois/Air  0%         N/A       80%         2
 Searing Ray              Conj           0%         2d4       80%         2
 Sublimation of Blood     Necr           0%         N/A       80%         2
 Wereblood                Tmut           0%         N/A       80%         2
 Ignite Poison            Fire/Tmut/Pois 0%         N/A       95%         3
 Ozocubu's Armour         Ice            0%         N/A       95%         3
 Fulminant Prism          Conj/Hex       0%         3d5       100%        4
 Alistair's Intoxication  Tmut/Pois      0%         N/A       100%        5
 Freezing Cloud           Conj/Ice/Air   0%         6-21      100%        5
 Ozocubu's Refrigeration  Ice            0%         4d7       100%        7
 Summon Hydra             Summ           Unusable   N/A       N/A         7

Dungeon Overview and Level Annotations

Branches:
Dungeon (10/15)            Temple (0/1) D:7           Sewer (visited)
   Lair: D:8-11         Orc: D:9-12

Altars:
Ashenzari
Cheibriados
Okawaru
Sif Muna
Uskayaw
Xom
Yredelemnul
Zin

Shops:
D:4 (   D:5 =   D:8 =

Annotations:
D:4 2 transporters, 0gre's ghost, amateur GnFi
D:8 2 runed translucent doors, suzumiya's ghost, novice MiFi


Innate Abilities, Weirdness & Mutations

You are too large for most types of armour.
You have claws for hands.
Your natural rate of healing is unusually fast.
You are covered in fur. (AC +1)
You have tough skin. (AC +1)


Message History

The slime creature is heavily wounded.
The slime creature hits you!
The orc warrior hits you from afar with a +0 halberd!
You barely miss the slime creature.
The slime creature is heavily wounded.
The tengu changes into a naga!
The orc warrior barely misses you. The slime creature hits you.
You mangle the slime creature!!
The slime creature is almost dead.
You mangle the slime creature!!
You kill the slime creature!
Okawaru accepts your kill.
The orc warrior throws a stone.
The stone completely misses you.
Your Fighting skill increases to level 7!
You closely miss the naga. You block the orc warrior's attack.
The naga misses you. The naga grabs you. The naga constricts you.
You claw the naga!
The naga is heavily wounded.
The orc warrior hits you from afar with a +0 halberd!
The naga hits you. The naga constricts you.
You closely miss the naga.
The naga is heavily wounded.
The orc warrior hits you from afar with a +0 halberd.
The naga spits poison at you. The splash of poison hits you!
You are poisoned.
The naga constricts you.
You claw the naga!
The naga is almost dead.
You feel sick.
The orc warrior hits you from afar with a +0 halberd!!
* * * LOW HITPOINT WARNING * * *
You scratch the naga.
The naga is almost dead.
You feel sick. The naga hits you!
* * * LOW HITPOINT WARNING * * *
The naga constricts you.
* * * LOW HITPOINT WARNING * * *
The orc warrior hits you from afar with a +0 halberd!
You die...

...#'#### ##.....## ####'#..#
.###...### ##......)## ###...####
.# #.....###.........###.....####
'###.......#.........#......)#...
...'...⌠...#....⌠....'...⌠...'...
...#.......#.........#.....).#...
...#.....###.........###.....#...
...#...### ##.).....## ###...#...
...##### ##..@..## ####'#... ####
###N### #....#### #.†o# ###....#
##...## #|.....#
#.....####......#
##..⌠..##[.....### #
#.......#......# #
#......)#....### # #######
'.......)....# #


You could see an orc warrior and a naga shaped shifter (catching breath).

Vanquished Creatures
  An ogre mage (D:10)
  Erica (D:10)
  2 centaur warriors (D:10)
  A two-headed ogre (D:10)
  A deep elf pyromancer (D:10)
  A manticore (D:7)
  An unseen horror (D:10)
  5 trolls
  2 hornets
  Grinder (D:3)
  A slime creature (D:10)
  4 wraiths
  A culicivora (shapeshifter) (D:10)
  15 yaks
  2 vampires
  A wyvern (D:9)
  3 vampire mosquitoes (D:10)
  2 orc warriors (D:9)
  A sky beast (D:7)
  2 black bears
  3 ice beasts
  An ogre (D:5)
  2 centaurs (D:10)
  2 phantoms (D:4)
  A bullfrog (D:9)
  3 scorpions
  8 wights
  6 killer bees (D:8)
  3 howler monkeys
  3 orc priests
  2 hounds
  7 jellies
  3 sleepcaps
  An iguana (D:5)
  14 orc wizards
  10 gnolls
  13 adders
  2 river rats (Sewer)
  A shadow imp (D:7)
  A white imp (D:6)
  A worm (D:4)
  3 dart slugs
  33 orcs
  11 ball pythons
  20 endoplasms
  6 giant cockroaches
  5 goblins
  4 hobgoblins (D:1)
  3 jackals (D:1)
  7 kobolds
  7 quokkas
  2 bats
  2 frilled lizards (Sewer)
  10 rats
  A spectral goblin (D:3)
249 creatures vanquished.

Notes
Turn   | Place    | Note
-------+----------+-------------------------------------------
     0 | D:1      | TrayleKats the Troll Fighter began the quest for the Orb.
     0 | D:1      | Reached XP level 1. HP: 22/22 MP: 0/0
   102 | D:1      | Reached XP level 2. HP: 27/29 MP: 1/1
   372 | D:1      | Reached XP level 3. HP: 34/36 MP: 2/2
   704 | D:2      | Reached skill level 3 in Unarmed Combat
  1152 | D:3      | Found an iron altar of Okawaru.
  1157 | D:3      | Became a worshipper of Warmaster Okawaru
  1164 | D:3      | Found a shimmering altar of Xom.
  1189 | D:3      | Found a faded altar of an unknown god.
  1226 | D:3      | Reached XP level 4. HP: 42/44 MP: 3/3
  1386 | D:3      | Noticed Grinder
  1399 | D:3      | Paralysed by Grinder for 3 turns
  1404 | D:3      | Paralysed by Grinder for 3 turns
  1422 | D:3      | Paralysed by Grinder for 3 turns
  1428 | D:3      | Killed Grinder
  1429 | D:3      | Reached skill level 1 in Throwing
  1429 | D:3      | Reached skill level 4 in Unarmed Combat
  1429 | D:3      | Reached skill level 1 in Invocations
  1429 | D:3      | Reached XP level 5. HP: 21/53 MP: 4/4
  1429 | D:3      | Reached XP level 6. HP: 25/61 MP: 5/5
  2032 | D:3      | Found a faded altar of an unknown god.
  2036 | D:3      | Found a basalt altar of Yredelemnul.
  2270 | D:4      | Found Gaggueg Ast's Antique Weapon Emporium.
  2280 | D:4      | Reached * piety under Okawaru
  2649 | D:4      | Found a transporter.
  2664 | D:4      | Reached skill level 5 in Unarmed Combat
  2664 | D:4      | Reached XP level 7. HP: 59/67 MP: 7/7
  2878 | D:4      | Found a glowing drain.
  2886 | Sewer    | Entered a sewer
  3007 | Sewer    | Found a viscous altar of Jiyva.
  3201 | D:4      | Reached ** piety under Okawaru
  3271 | D:4      | Found a transporter.
  3271 | D:4      | Noticed 0gre's ghost (amateur GnFi)
  3272 | D:4      | Noticed a two-headed ogre
  3595 | D:5      | Entered Level 5 of the Dungeon
  3690 | D:5      | Found a shimmering blue altar of Sif Muna.
  4261 | D:5      | Reached XP level 8. HP: 78/78 MP: 9/9
  4294 | D:5      | Reached skill level 6 in Unarmed Combat
  4562 | D:5      | Found Peeduzir's Jewellery Boutique.
  4603 | D:5      | Found Ogotsoh's Neck Hole.
  5378 | D:6      | Found a snail-covered altar of Cheibriados.
  5594 | D:6      | Noticed a troll
  5599 | D:6      | Killed a troll
  5600 | D:6      | Reached skill level 5 in Shields
  5600 | D:6      | Reached skill level 7 in Unarmed Combat
  5634 | D:6      | Reached *** piety under Okawaru
  5755 | D:6      | Reached XP level 9. HP: 85/85 MP: 10/10
  5929 | D:7      | Found a staircase to the Ecumenical Temple.
  6014 | D:7      | Noticed a manticore
  6030 | D:7      | Killed a manticore
  6507 | D:7      | Reached skill level 5 in Fighting
  6729 | D:7      | You fall into a shaft and drop 1 floor!
  6790 | D:8      | Reached **** piety under Okawaru
  6791 | D:8      | Reached skill level 8 in Unarmed Combat
  7056 | D:8      | Received a gift from Okawaru
  7173 | D:8      | Found a broken altar of Ashenzari.
  7314 | D:8      | Found a runed translucent door.
  7412 | D:8      | Noticed a +0 dagger
  7417 | D:8      | Found a hide-covered altar of Uskayaw.
  7417 | D:8      | Noticed a +0 falchion
  7417 | D:8      | Noticed a +0 short sword
  7417 | D:8      | Noticed a +0 falchion
  7418 | D:8      | Noticed a +0 spear
  7420 | D:8      | Noticed a +0 spear
  7423 | D:8      | Noticed a +0 dagger
  7428 | D:8      | Noticed a +0 short sword
  7471 | D:8      | Found Xeotel's Jewellery Emporium.
  7513 | D:8      | Noticed suzumiya's ghost (novice MiFi)
  7513 | D:8      | Identified the +4 spear of the Tooth {flame, rPois rN+
                  | Int-3}
  7515 | D:8      | Found a runed translucent door.
  7517 | D:8      | Noticed a polar bear
  7926 | D:9      | Found a glowing silver altar of Zin.
  7973 | D:9      | Identified the +2 mace of Qelylio {flame, rC+}
  7986 | D:9      | Noticed a troll
  7989 | D:9      | Reached skill level 5 in Throwing
  7997 | D:9      | Killed a troll
  7998 | D:9      | Reached XP level 10. HP: 51/96 MP: 9/12
  8181 | D:9      | Reached skill level 9 in Unarmed Combat
  8181 | D:9      | Reached skill level 5 in Invocations
  8981 | D:10     | Entered Level 10 of the Dungeon
  9033 | D:10     | Reached skill level 10 in Unarmed Combat
  9061 | D:10     | Noticed a deep elf pyromancer
  9061 | D:10     | Noticed a centaur warrior
  9069 | D:10     | Killed a centaur warrior
  9071 | D:10     | Killed a deep elf pyromancer
  9071 | D:10     | Reached ***** piety under Okawaru
  9072 | D:10     | Reached XP level 11. HP: 34/106 MP: 11/14
  9313 | D:10     | Identified the +0 pair of gloves of Kikubaaqudgha's Fury
                  | {rC- rN+++ Dex+8 Slay-3}
  9588 | D:10     | Noticed Erica
  9601 | D:10     | Killed Erica
  9736 | D:10     | Noticed a white ugly thing
 10036 | D:10     | Identified the +0 robe "Hiluf" {Dex+3} (Okawaru gifted it
                  | to you on level 10 of the Dungeon)
 10036 | D:10     | Received a gift from Okawaru
 10093 | D:10     | Noticed a centaur warrior
 10093 | D:10     | Noticed an ogre mage
 10100 | D:10     | Killed a centaur warrior
 10115 | D:10     | Killed an ogre mage
 10116 | D:10     | Reached skill level 11 in Unarmed Combat
 10330 | D:10     | Noticed a two-headed ogre
 10341 | D:10     | Killed a two-headed ogre
 10389 | D:10     | Slain by an orc warrior

Illustrated notes

Levels and vault maps discovered:
D:1:      lightli_arrival_noodles, layout_loops_ring, wad_floor_pattern_2
D:2:      layout_loops_ring
D:3:      layout_basic, nicolae_overflow_ecumenical_swirl,
          mainiacjoe_overflow_cross_hatched, lemuel_crystal_altar,
          dreamdust_ecumenical_altar_drowned_temple,
          hangedman_decor_clover_reticule, uniq_grinder
D:4:      layout_layer_cave, serial_shops, nicolae_shop_stone,
          gammafunk_ghost_arena, gup_sewer_entry_bubbles
D:5:      layout_loops_corners, led_sif_book, serial_shops,
          nicolae_shop_tiny_waterfront, nicolae_shop_sticking_my_neck_out
D:6:      layout_loops_cross, nicolae_overflow_crystal_walls
D:7:      layout_gridville, temple_pool_b
D:8:      gammafunk_indiana_jones, layout_basic, mainiacjoe_overflow_catwalk,
          nicolae_uskayaw_en_pointe, ebering_ghost_funeral_grove, serial_shops,
          shop
D:9:      layout_basic, mainiacjoe_overflow_alcove_1, minmay_orc_keep
D:10:     layout_roguey, grunt_qazlal_clouds, nicolae_rejected_hall, uniq_erica

Skill      XL: |  1  2  3  4  5  6  7  8  9 10 11 |
---------------+----------------------------------+-----
Shields        | 3 4 5 6 7 |  7.7
Unarmed Combat | 3 4 5 7 8 10 11 | 11.3
Fighting       | 3 4 5 6 7 |  7.0
Throwing       | 1 2 3 5 6 |  6.7
Invocations    | 1 2 3 4 5 6 |  6.7
Dodging        | |  2.4

Action                     |  1- 3 |  4- 6 |  7- 9 | 10-12 || total
---------------------------+-------+-------+-------+-------++-------
  Melee: Unarmed           |    96 |    92 |   389 |   252 ||   829
  Throw: Dart              |     1 |       |     8 |     3 ||    12
         Boomerang         |       |       |       |     6 ||     6
 Invoke: Heroism           |       |       |     2 |     9 ||    11
    Use: Scroll            |       |     7 |    12 |     1 ||    20
         Potion            |       |     1 |       |     2 ||     3
 Armour: Robe              |    26 |    23 |    31 |       ||    80
         Troll leather arm |       |       |    57 |    69 ||   126
  Dodge: Dodged            |    24 |    22 |   115 |    63 ||   224
  Block: Kite shield       |    37 |    25 |   164 |    99 ||   325
